 Dungeon Crawl Stone Soup version 0.21.1-1-g345015fe64 (webtiles) character file.

4598 RaHiT the Covert (level 10, -9/73 HPs)
             Began as a Vampire Assassin on Mar 21, 2018.
             Was a Believer of Uskayaw.
             Splashed by a centaur's acid (13 damage)
             ... on level 7 of the Dungeon.
             The game lasted 00:52:31 (9711 turns).

RaHiT the Covert (Vampire Assassin)                 Turns: 9711, Time: 00:52:34

Health: -9/73      AC: 11    Str: 10    XL:     10   Next: 19%
Magic:  12/12      EV: 21    Int: 14    God:    Uskayaw [**....]
Gold:   363        SH:  0    Dex: 19    Spells: 9/9 levels left

rFire    . . .     SeeInvis +   a - +1 dagger (protect)
rCold    + . .     Gourm    .   (no shield)
rNeg     + + .     Faith    .   c - +0 robe
rPois    +         Spirit   .   k - +2 hat
rElec    +         Reflect  .   d - +0 cloak
rCorr    .         Harm     .   (no gloves)
MR       ++...                  m - +0 pair of boots
Stlth    ++++++....             (no amulet)
HPRegen  0.11/turn              n - +5 ring of evasion
MPRegen  0.13/turn              v - ring of protection from magic

@: corroded, protection aura, regenerating slowly
A: fangs 3, yellow scales 1, see invisible, electricity resistance, unbreathing
a: Bat Form, Stomp, Line Pass, Renounce Religion


You were on level 7 of the Dungeon.
You worshipped Uskayaw.
Uskayaw was noncommittal.
You were thirsty.

You visited 2 branches of the dungeon, and saw 8 of its levels.
You also visited: Ossuary.

You collected 363 gold pieces.

Inventory:

Hand Weapons
 a - a +1 dagger of protection (weapon)
 b - a +0 blowgun
 q - a +2 dagger
 x - a cursed -3 dagger
 C - a +0 rapier
Missiles
 e - 4 poisoned needles
 p - a throwing net (quivered)
 D - 8 needles of sleeping
 K - 6 tomahawks
Armour
 c - a +0 robe (worn)
 d - a +0 cloak (worn)
 k - a +2 hat (worn)
 l - a +0 shield
 m - a +0 pair of boots (worn)
 s - a +0 buckler
Jewellery
 n - a +5 ring of evasion (left hand)
 v - a ring of protection from magic (right hand)
 H - an uncursed ring of fire
Wands
 A - a wand of disintegration (11)
Scrolls
 h - 7 scrolls of remove curse
 i - 7 scrolls of teleportation
 o - a scroll of immolation
 t - 3 scrolls of identify
 y - 3 scrolls of enchant armour
 E - a scroll of fog
 F - a scroll of vulnerability
 J - a scroll of noise
 L - a scroll of enchant weapon
Potions
 f - a potion of experience {unknown}
 g - 17 potions of blood
 j - 2 potions of haste
 r - 2 potions of magic
 u - 3 potions of lignification
 z - a potion of might
 B - 3 potions of curing
 G - a potion of resistance {unknown}
 I - 2 potions of brilliance


   Skills:
 + Level 4.9 Fighting
 * Level 8.3 Short Blades
 + Level 4.4 Throwing
 + Level 4.0 Armour
 + Level 5.6 Dodging
 + Level 9.8 Stealth
 + Level 4.3 Shields
 + Level 1.1 Invocations
 - Level 3.0 Evocations


You had 9 spell levels left.
You didn't know any spells.

Dungeon Overview and Level Annotations

Branches:
Dungeon (7/15)             Temple (1/1) D:6

Altars:
Cheibriados
Fedhas
Gozag
Hepliaklqana
Kikubaaqudgha
Makhleb
Nemelex Xobeh
Okawaru
Qazlal
Ru
Sif Muna
Trog
Uskayaw
Vehumet
Wu Jian
Xom
Yredelemnul
Zin
The Shining One


Innate Abilities, Weirdness & Mutations

You heal slowly.
You have razor-sharp teeth.
You have supernaturally acute eyesight. (SInv)
You can survive without breathing.
You are partially covered in yellow scales. (AC +2)
You are resistant to electric shocks. (rElec)


Message History

The centaur zaps a wand.
The bolt of acid hits you!
You are splashed with acid!
The acid burns!
* * * LOW HITPOINT WARNING * * *
The centaur barely misses you.
Unknown command.
You feel better. The centaur closely misses you.
The centaur completely misses you.
You hit the centaur.
The centaur is moderately wounded.
The centaur completely misses you.
You hit the centaur but do no damage.
The centaur is lightly wounded.
The centaur barely misses you.
You barely miss the centaur. You bite the centaur, but do no damage.
The centaur is lightly wounded.
The centaur zaps a wand.
The bolt of acid misses you.
The centaur zaps a wand.
The bolt of acid hits you!
* * * LOW HITPOINT WARNING * * *
The acid corrodes you!
You are splashed with acid!
The acid burns!
You die...

#.. ####'#### #.......#
##### #.......# #...#
#.......# #...#
#.......#
##...##########'########
................c......>
##...###########@#####.#
#..># #(# #...###### #.#
#####.....# #.#
..........# #.#
#####.....# #.# #.....#
#.# #.....# #.# #.....#
#.#


You could see a centaur.

Vanquished Creatures
  An ugly thing (D:7)
  Sigmund (D:2)
  Eustachio (D:5)
  Duvessa (D:7)
  A black bear (D:6)
  7 ogres
  A phantom (D:7)
  3 centaurs
  A crocodile (D:7)
  Blork the orc (D:3)
  2 bullfrogs (D:6)
  A gnoll sergeant (D:4)
  A water moccasin zombie (D:5)
  Dowan (D:6)
  13 scorpions
  4 killer bees (D:5)
  3 howler monkeys
  4 bullfrog zombies (D:5)
  2 hounds
  A jelly (D:7)
  2 orc priests
  3 centaur zombies
  2 human zombies (Ossuary)
  7 gnoll shamans (D:4)
  A bullfrog skeleton (D:5)
  An iguana (D:5)
  3 orc wizards
  4 worker ants
  A killer bee zombie (D:5)
  A big kobold zombie (Ossuary)
  3 mummies (Ossuary)
  A worker ant zombie (D:7)
  29 gnolls (D:4)
  3 scorpion zombies (Ossuary)
  8 adders
  A river rat (D:5)
  2 oozes
  An adder zombie (D:5)
  An adder skeleton (D:5)
  3 worms
  4 dart slugs
  3 leopard geckos
  12 orcs
  2 ball pythons
  4 bats
  10 giant cockroaches
  A gnoll zombie (Ossuary)
  7 goblins
  7 hobgoblins
  32 jackals
  5 kobolds
  3 quokkas
  5 frilled lizards
  A giant cockroach zombie (D:5)
  2 goblin zombies (Ossuary)
  2 hobgoblin zombies (Ossuary)
  A jackal skeleton (D:5)
  A kobold zombie (Ossuary)
  A leopard gecko skeleton (D:5)
  5 orc zombies (Ossuary)
  3 quokka skeletons (D:5)
  2 quokka zombies (D:5)
  4 rats
244 creatures vanquished.

Notes
Turn   | Place    | Note
-------+----------+-------------------------------------------
     0 | D:1      | RaHiT the Vampire Assassin began the quest for the Orb.
     0 | D:1      | Reached XP level 1. HP: 16/16 MP: 1/1
   114 | D:1      | Reached XP level 2. HP: 17/22 MP: 2/2
   306 | D:1      | Reached skill level 6 in Stealth
   767 | D:2      | Reached XP level 3. HP: 27/27 MP: 3/3
   918 | D:2      | Found an ancient bone altar of Kikubaaqudgha.
   974 | D:2      | Noticed Sigmund
   979 | D:2      | Killed Sigmund
   979 | D:2      | Reached skill level 1 in Armour
   979 | D:2      | Reached skill level 1 in Shields
   979 | D:2      | Reached XP level 4. HP: 34/34 MP: 4/4
   979 | D:2      | Reached XP level 5. HP: 39/39 MP: 5/5
  1998 | D:3      | Reached XP level 6. HP: 34/46 MP: 6/6
  2185 | D:4      | Noticed Blork the orc
  2705 | D:3      | Killed Blork the orc
  2953 | D:4      | Reached skill level 7 in Stealth
  2953 | D:4      | Reached skill level 1 in Evocations
  3049 | D:4      | Reached XP level 7. HP: 45/51 MP: 7/7
  3394 | D:4      | Reached skill level 5 in Short Blades
  3986 | D:4      | Reached XP level 8. HP: 25/58 MP: 9/9
  5356 | D:5      | Entered Level 5 of the Dungeon
  5380 | D:5      | Reached skill level 8 in Stealth
  5551 | D:5      | Gained mutation: You are resistant to electric shocks. (rElec) [potion of mutation]
  5551 | D:5      | Gained mutation: You are partially covered in yellow scales. (AC +2) [potion of mutation]
  5581 | D:5      | Found a sand-covered staircase.
  5590 | Ossuary  | Entered an ossuary
  5890 | Ossuary  | Reached XP level 9. HP: 45/65 MP: 11/11
  6558 | D:5      | Noticed Eustachio
  6579 | D:5      | Killed Eustachio
  6720 | D:5      | Reached skill level 9 in Stealth
  6768 | D:5      | Reached skill level 5 in Dodging
  8208 | D:6      | Found a staircase to the Ecumenical Temple.
  8245 | Temple   | Entered the Ecumenical Temple
  8316 | Temple   | Became a worshipper of Uskayaw the Reveler
  8658 | D:6      | Reached * piety under Uskayaw
  8853 | D:7      | Reached ** piety under Uskayaw
  8858 | D:7      | Reached *** piety under Uskayaw
  8871 | D:7      | Reached **** piety under Uskayaw
  8919 | D:7      | Noticed a red ugly thing
  8936 | D:7      | Killed a red ugly thing
  8936 | D:7      | Reached XP level 10. HP: 73/73 MP: 12/12
  9527 | D:7      | Noticed Duvessa
  9527 | D:7      | Noticed Dowan
  9539 | D:7      | Killed Duvessa
  9539 | D:7      | Reached skill level 1 in Invocations
  9564 | D:6      | Killed Dowan
  9711 | D:7      | Splashed by a centaur's acid

Skill      XL: |  1  2  3  4  5  6  7  8  9 10 |
---------------+-------------------------------+-----
Stealth        | 6 7 8 9 |  9.8
Fighting       | 2 3 4 |  4.9
Short Blades   | 3 4 5 6 8 |  8.3
Throwing       | 2 3 4 |  4.4
Armour         | 1 2 3 4 |  4.0
Dodging        | 2 3 4 5 |  5.6
Shields        | 1 2 3 4 |  4.3
Evocations     | 1 2 3 |  3.0
Invocations    | 1 |  1.1

Action                   |  1- 3 |  4- 6 |  7- 9 | 10-12 || total
-------------------------+-------+-------+-------+-------++-------
Melee: Dagger            |    84 |   223 |  1344 |   158 ||  1809
       Bite              |     6 |    24 |   161 |    27 ||   218
 Fire: Blowgun           |     4 |    21 |    44 |     5 ||    74
Throw: Throwing net      |       |       |     3 |     1 ||     4
 Abil: End Transformatio |       |     1 |     4 |       ||     5
       Bat Form          |       |     1 |     4 |       ||     5
Evoke: Wand              |       |     1 |       |       ||     1
  Use: Scroll            |     1 |     5 |     8 |       ||    14
       Potion            |       |     6 |    18 |     4 ||    28
 Stab: Sleeping          |     8 |     9 |    27 |     1 ||    45
       Distracted        |     1 |       |     2 |       ||     3
       Held in net/web   |       |       |     4 |     1 ||     5
       Paralysed         |       |       |     2 |     2 ||     4
Armor: Robe              |    26 |    42 |   249 |    12 ||   329
Dodge: Dodged            |    58 |   154 |   940 |    92 ||  1244
